 Dungeon Crawl Stone Soup version 0.31-a0-986-g5e6e4ef867 (webtiles) character file.

Game seed: 3250088022398597880

669 Whiskey the Changeling (level 7, -6/61 HPs)
             Began as a Troll Shapeshifter on Nov 14, 2023.
             Mangled by a two-headed ogre
             ... wielding a +0 giant spiked club
              (14 damage)
             ... on level 5 of the Dungeon.
             The game lasted 00:05:44 (3286 turns).

Whiskey the Changeling (Troll Shapeshifter)         Turns: 3286, Time: 00:05:44

Health: -6/61      AC:  4    Str: 23    XL:     7   Next: 32%
Magic:  6/6        EV:  9    Int:  8    God:
Gold:   276        SH:  0    Dex:  9    Spells: 6/6 levels left

rFire   . .          .
                       - Unarmed
rCold   . . .        (no shield)
rNeg    . . .        a - +0 animal skin
rPois   +            (helmet currently unavailable)
rElec   .            e - melded +1 cloak {rPois}
rCorr   .            (gloves unavailable)
SInv    .            (boots unavailable)
Will    .....        r - amulet of the acrobat
Stlth   +            x - ring of poison resistance {rPois, !d}
HPRegen 1.10/turn    (no ring)
MPRegen 0.10/turn

%: acrobat
@: beast-form
A: beast (slay +3), large, unfitting armour, claws 3, regeneration 1, shaggy fur
1, tough skin 1
a: Begin Untransformation


You were on level 5 of the Dungeon.
You were a hulking beast.
You visited 1 branch of the dungeon, and saw 5 of its levels.

You collected 276 gold pieces.

Inventory:

Hand Weapons
 u - a +1 dagger of electrocution
   (You took it off an orc wizard on level 2 of the Dungeon)
Missiles
 n - 9 javelins (quivered)
Armour
 a - a +0 animal skin (worn)
 e - a +1 cloak of poison resistance (melded)
   (You found it on level 1 of the Dungeon)
 v - a +0 robe
   (You took it off an orc wizard on level 2 of the Dungeon)
 y - a +0 robe
   (You took it off Jessica on level 3 of the Dungeon)
Jewellery
 f - an amulet of magic regeneration
   (You found it on level 1 of the Dungeon)
 r - an amulet of the acrobat (around neck)
   (You found it on level 2 of the Dungeon)
 x - a ring of poison resistance (left claw) {rPois, !d}
   (You found it on level 3 of the Dungeon)
Talismans
 c - a beast talisman (active)
 d - a flux talisman
Scrolls
 h - 3 scrolls of poison {unknown}
 j - a scroll of teleportation {unknown}
 m - 3 scrolls of identify {unknown}
 q - a scroll of vulnerability {unknown}
 s - 3 scrolls of blinking {unknown}
 t - 2 scrolls of amnesia {unknown}
 z - a scroll of brand weapon {unknown}
Potions
 b - 2 potions of lignification {!q}
 g - a potion of curing {unknown}
 i - a potion of enlightenment {unknown}
 k - a potion of degeneration {unknown}
 l - a potion of brilliance {unknown}
 o - 2 potions of attraction {unknown}
 p - a potion of might {unknown}
 w - a potion of magic {unknown}
 A - a potion of heal wounds {unknown}


   Skills:
 - Level 0.7 Fighting
 - Level 1.5 Dodging
 + Level 5.5 Unarmed Combat
 * Level 6.7 Shapeshifting


You had 6 spell levels left.
You didn't know any spells.
Your spell library contained the following spells:

 Spells                   Type           Power      Damage    Failure   Level
 Freeze                   Ice            0%         1d3       41%         1
 Frozen Ramparts          Ice            0%         1d1       78%         3
 Hailstorm                Conj/Ice       0%         3d3       78%         3


Dungeon Overview and Level Annotations

Branches:
Dungeon (5/15)
 Temple: D:4-7

Altars:
Trog
Yredelemnul


Innate Abilities, Weirdness & Mutations

You are a hulking beast.
Your limbs bulge with bestial killing power. (Slay +3)
You are too large for most types of armour.
You have claws for hands.
Your natural rate of healing is unusually fast.
You are covered in fur. (AC +1)
You have tough skin. (AC +1)


Message History

You claw the black bear! The black bear bites you. The black bear claws you.
The black bear claws you but does no damage.
You take 4 damage, and have 51/61 hp.
You claw the black bear!
You kill the black bear!
No target in view!
No target in view!
No target in view!
No target in view!
No target in view!
No target in view!
No target in view!
No target in view!
No target in view!
No target in view!
No target in view!
No target in view!
No target in view!
Found a stone staircase leading up.
Health restored: 61 No target in view!
There is a stone staircase leading up here.
An orc comes into view. It is wielding a +0 club.
The orc shouts!
You hear a shout!
An orc comes into view. It is wielding a +0 mace.
An orc comes into view. It is wielding a +0 flail.
The orc shouts! x2
You barely miss the orc. The orc hits you with a +0 club.
You take 2 damage, and have 59/61 hp.
You completely miss the orc. The orc barely misses you.
You scratch the orc. The orc hits you but does no damage.
Health restored: 61 You claw the orc!
You kill the orc!
An orc comes into view. It is wielding a +0 club.
The orc shouts!
You see here a +0 club.
You barely miss the orc. The orc hits you with a +0 flail!
You take 8 damage, and have 53/61 hp.
You claw the orc!
You kill the orc!
You mangle the orc!!
You kill the orc!
Things that are here:
a +0 mace; a +0 flail; an orc corpse You barely miss the orc.
The orc hits you with a +0 club.
You barely miss the orc. The orc hits you with a +0 club.
You take 2 damage, and have 54/61 hp.
You barely miss the orc. You claw the orc!
You kill the orc!
You see here a +0 club.
An orc wizard and an orc come into view.
The orc wizard shouts!
The orc shouts!
You hear two shouts!
You see here a potion of lignification {!q}.
Health restored: 61
b - 2 potions of lignification {!q} (gained 1)
The orc wizard gestures wildly while chanting.
The orc wizard flickers and vanishes!
Deactivating autopickup; reactivate with Ctrl-A.
Something hits you but does no damage.
You completely miss something. Something hits you but does no damage.
A two-headed ogre comes into view.
It is wielding a +0 giant spiked club and a +0 dire flail.
You claw something!
Reactivating autopickup.
You feel a bit more experienced.
You claw the orc!
You kill the orc!
You claw the two-headed ogre!
The two-headed ogre hits you with a +0 giant spiked club!!
The two-headed ogre hits you with a +0 dire flail!
You take 32 damage, and have 29/61 hp.
MASSIVE DAMAGE!!
You are too injured to fight recklessly!
You are too injured to fight recklessly!
You are too injured to fight recklessly!
You are too injured to fight recklessly!
You are too injured to fight recklessly!
You are too injured to fight recklessly!
You are too injured to fight recklessly!
You are too injured to fight recklessly!
You are too injured to fight recklessly!
You are too injured to fight recklessly!
You are too injured to fight recklessly!
You are too injured to fight recklessly!
You are too injured to fight recklessly!
You are too injured to fight recklessly!
You are too injured to fight recklessly!
You are too injured to fight recklessly!
You are too injured to fight recklessly!
You scratch the two-headed ogre. You mangle the two-headed ogre!!
The two-headed ogre hits you with a +0 giant spiked club!!
* * * LOW HITPOINT WARNING * * *
The two-headed ogre barely misses you.
You hear a shout!
You take 23 damage, and have 7/61 hp.
MASSIVE DAMAGE!!
You claw the two-headed ogre!
The two-headed ogre completely misses you.
The two-headed ogre hits you with a +0 dire flail!
You die...

..# #.##)#
..# #.##)#
### ...#.#
...#.# #.#
#.# #.#
#.#####.#
#...hO..#
######....#
...# ....
.## #


You could see a two-headed ogre.

Vanquished Creatures
  A black bear (D:5)
  A howler monkey (D:4)
  A bullfrog zombie (D:4)
  A hound (D:5)
  An orc priest (D:3)
  2 sleepcaps (D:5)
  Jessica (D:3)
  Terence (D:2)
  An iguana (D:4)
  4 orc wizards
  3 hound zombies (D:4)
  7 adders
  An adder zombie (D:4)
  2 worms
  2 dart slugs
  17 orcs
  8 endoplasms
  4 giant cockroaches
  6 goblins
  6 hobgoblins
  5 jackals
  3 kobolds
  9 ball pythons
  6 bats
  8 frilled lizards
  2 rats
103 creatures vanquished.

Vanquished Creatures (others)
  An arcanist (D:3)
1 creature vanquished.

Grand Total: 104 creatures vanquished

Notes
Turn   | Place    | Note
-------+----------+-------------------------------------------
     0 | D:1      | Whiskey the Troll Shapeshifter began the quest for the Orb.
     0 | D:1      | Reached XP level 1. HP: 18/18 MP: 0/0
   198 | D:1      | Reached XP level 2. HP: 26/26 MP: 1/1
   695 | D:2      | Reached XP level 3. HP: 32/32 MP: 2/2
  1115 | D:2      | Noticed Terence
  1119 | D:2      | Killed Terence
  1120 | D:2      | Reached skill level 4 in Shapeshifting
  1379 | D:2      | Reached XP level 4. HP: 40/40 MP: 3/3
  1520 | D:2      | Reached skill level 4 in Unarmed Combat
  1533 | D:2      | Reached XP level 5. HP: 37/46 MP: 4/4
  1581 | D:3      | Reached skill level 5 in Shapeshifting
  2230 | D:3      | Noticed Jessica
  2234 | D:3      | Killed Jessica
  2241 | D:3      | Found a bloodstained altar of Trog.
  2244 | D:3      | Noticed an arcanist
  2250 | D:3      | Killed an arcanist
  2506 | D:4      | Found a basalt altar of Yredelemnul.
  2512 | D:4      | Reached XP level 6. HP: 54/54 MP: 5/5
  2706 | D:4      | Reached skill level 5 in Unarmed Combat
  2817 | D:4      | Reached skill level 6 in Shapeshifting
  3134 | D:5      | Entered Level 5 of the Dungeon
  3186 | D:5      | Reached XP level 7. HP: 61/61 MP: 6/6
  3280 | D:5      | Noticed a two-headed ogre
  3285 | D:5      | HP: 7/61 [two-headed ogre/+0 giant spiked club (24)]
  3286 | D:5      | Mangled by a two-headed ogre

Illustrated notes

Levels and vault maps discovered:
D:1:      eino_arrival_tree_alley, layout_rooms, serial_corexii_hall,
          corexii_hall_statues_t, corexii_hall_statues_deadend,
          corexii_hall_statues_x, minmay_split_cup_small
D:2:      layout_loops_ring, serial_bayou_lagoon_b, uniq_terence
D:3:      layout_basic, trog_wizard, serial_forest, infiniplex_forest_join,
          infiniplex_forest_clump_large, infiniplex_forest_straight_4,
          infiniplex_forest_clump_cross, infiniplex_forest_straight_2,
          uniq_jessica
D:4:      cheibrodos_helix_gallery, layout_loops_ring,
          nicolae_yredelemnul_corpse_copse, chequers_garden
D:5:      layout_basic, kennysheep_mini, minmay_manual_mares

Skill      XL: |  1  2  3  4  5  6 |
---------------+-------------------+-----
Shapeshifting  | 4 5 6 |  6.7
Unarmed Combat | 4 5 |  5.5
Fighting       | |  0.7
Dodging        | |  1.5

Action                     |  1- 3 |  4- 6 |  7- 9 || total
---------------------------+-------+-------+-------++-------
  Melee: Unarmed           |    83 |   142 |    36 ||   261
         Punch             |       |     1 |       ||     1
 Armour: Animal skin       |    74 |    75 |    26 ||   175
  Dodge: Dodged            |    29 |    52 |    14 ||    95
   Form: Beast             |     1 |       |       ||     1
         Flux              |     1 |       |       ||     1

Table legend: (Time is in decaauts)
 A = Elapsed time spent in this place.
 B = Non-inter-level travel time spent in this place.
 C = Inter-level travel time spent in this place.
 D = Time resting spent in this place.
 E = Time spent auto-exploring this place.
 F = Levels seen in this place.
 G = Mean time per level.
                   A        B        C        D        E       F      G
               +--------+--------+--------+--------+--------+-----+--------+
         Total |   3268 |   3191 |     77 |     31 |   2580 |   5 |  653.6 |
       Dungeon |   3268 |   3191 |     77 |     31 |   2580 |   5 |  653.6 |
               +--------+--------+--------+--------+--------+-----+--------+

Top non-repeatable levels by time:
     D:3: 960 daAuts
     D:2: 841 daAuts
     D:1: 674 daAuts
     D:4: 644 daAuts
     D:5: 147 daAuts

Levels and vault maps discovered:
D:1:      eino_arrival_tree_alley, layout_rooms, serial_corexii_hall,
          corexii_hall_statues_t, corexii_hall_statues_deadend,
          corexii_hall_statues_x, minmay_split_cup_small
D:2:      layout_loops_ring, serial_bayou_lagoon_b, uniq_terence
D:3:      layout_basic, trog_wizard, serial_forest, infiniplex_forest_join,
          infiniplex_forest_clump_large, infiniplex_forest_straight_4,
          infiniplex_forest_clump_cross, infiniplex_forest_straight_2,
          uniq_jessica
D:4:      cheibrodos_helix_gallery, layout_loops_ring,
          nicolae_yredelemnul_corpse_copse, chequers_garden
D:5:      layout_basic, kennysheep_mini, minmay_manual_mares

Table legend: (Time is in decaauts)
 A = Elapsed time spent in this place.
 B = Non-inter-level travel time spent in this place.
 C = Inter-level travel time spent in this place.
 D = Time resting spent in this place.
 E = Time spent auto-exploring this place.
 F = Levels seen in this place.
 G = Mean time per level.
                   A        B        C        D        E       F      G
               +--------+--------+--------+--------+--------+-----+--------+
         Total |   3268 |   3191 |     77 |     31 |   2580 |   5 |  653.6 |
       Dungeon |   3268 |   3191 |     77 |     31 |   2580 |   5 |  653.6 |
               +--------+--------+--------+--------+--------+-----+--------+

Top non-repeatable levels by time:
     D:3: 960 daAuts
     D:2: 841 daAuts
     D:1: 674 daAuts
     D:4: 644 daAuts
     D:5: 147 daAuts

Table legend:
 A = Kills in this place as a percentage of kills in the entire game.
 B = Kills by you in this place as a percentage of kills by you in the entire game.
 C = Kills by friends in this place as a percentage of kills by friends in the entire game.
 D = Other kills in this place as a percentage of other kills in the entire game.
 E = Experience gained in this place as a percentage of experience gained in the entire game.
 F = Experience gained in this place divided by the number of levels of this place that you have seen.
                   A       B       C       D       E      F
               +-------+-------+-------+-------+-------+----------------------
         Total | 100.0 | 100.0 |   N/A |   N/A | 100.0 | 191.2
       Dungeon | 100.0 | 100.0 |   N/A |   N/A | 100.0 | 191.2
               +-------+-------+-------+-------+-------+----------------------
